Map: Jagannatha LE

Players

ƎDǃBee - Winner!

  • Race: Zerg Zerg
  • League: Grandmaster
  • Spawn Location: 1:00

IIIIIIIIIIII

  • Race: Protoss Protoss
  • League: Grandmaster
  • Spawn Location: 7:00

VOD

Have the link to the VOD?

Description

Time

  • Played on: Nov. 12, 2020, 11:06 a.m.
  • Length: 11:05
Show
View Real Time Build Order
Export as new Build Order

ƎDǃBee Zerg - Winner!

Build Orders: Hatch First 

Get SALT Encoding   

  12  0:00  Drone  
  13  0:08  Drone  
  14  0:14  Extractor  
  14  0:15  Drone  
  15  0:36  Hatchery  
  15  0:40  Extractor  
  15  0:42  Drone  
  14  0:48  Overlord  
  15  1:03  Spawning Pool  
  14  1:08  Drone  
  14  1:10  Drone  
  16  1:13  Extractor  
  16  1:18  Drone  
  16  1:21  Drone  
  17  1:32  Drone  
  18  1:41  Drone  
  19  1:49  Drone  
  19  1:53  Queen x2  
  24  1:56  Zergling x2  
  25  2:02  Drone x2  
  27  2:10  Drone  
  27  2:12  Overlord  
  28  2:31  Hatchery  
  28  2:34  Drone x2  
  28  2:36  Drone  
  30  2:38  Drone  
  30  2:43  Overlord  
  31  2:50  Drone  
  32  2:52  Drone  
  32  2:57  Queen  
  35  2:59  Drone  
  35  3:03  Drone x2  
  35  3:05  Drone  
  39  3:07  Drone  
  39  3:11  Overlord  
  40  3:15  Drone x2  
  40  3:19  Pneumatized Carapace  
  42  3:23  Metabolic Boost  
  42  3:27  Drone x2  
  44  3:35  Drone x4  
  44  3:39  Overlord  
  48  3:43  Queen  
  48  3:46  Drone x2  
  52  3:51  Drone x3  
  55  3:56  Drone x3  
  55  3:59  Overlord  
  58  4:03  Drone  
  58  4:04  Drone x2  
  58  4:09  Drone  
  62  4:10  Drone x3  
  62  4:12  Extractor  
  62  4:13  Extractor  
  62  4:15  Drone x2  
  62  4:16  Overlord  
  65  4:20  Overlord  
  65  4:25  Extractor, Lair  
  65  4:28  Drone x2  
  66  4:35  Overlord x2  
  66  4:36  Drone  
  66  4:37  Drone x2  
  69  4:40  Extractor, Drone  
  69  4:41  Drone x2  
  69  4:42  Drone  
  69  4:43  Drone  
  69  4:45  Extractor  
  72  4:46  Drone x3  
  72  4:52  Overlord x2  
  75  4:59  Overlord  
  75  5:01  Drone  
  75  5:02  Evolution Chamber  
  75  5:03  Queen x2  
  79  5:09  Drone x2, Spore Crawler x2  
  79  5:13  Spore Crawler  
  78  5:14  Drone x2, Spore Crawler  
  79  5:23  Drone, Spire  
  79  5:28  Overlord  
  79  5:29  Zerg Missile Weapons Level 1  
  79  5:32  Drone  
  79  5:33  Roach Warren  
  79  5:42  Queen  
  81  5:43  Queen  
  83  5:50  Overlord  
  83  5:54  Drone  
  84  5:58  Drone  
  85  6:04  Hatchery  
  85  6:05  Hatchery  
  83  6:14  Glial Reconstitution  
  83  6:25  Overlord x2  
  83  6:35  Corruptor x10  
  83  6:39  Zerg Flyer Armor Level 1  
  103  6:44  Corruptor  
  105  6:49  Overseer  
  105  6:53  Corruptor x3  
  105  6:58  Corruptor  
  105  7:01  Corruptor  
  113  7:03  Drone x2  
  113  7:04  Drone x2  
  119  7:12  Drone x3  
  119  7:15  Spore Crawler  
  121  7:16  Spore Crawler  
  121  7:18  Spore Crawler  
  119  7:23  Corruptor  
  119  7:24  Corruptor x2  
  125  7:34  Extractor x2  
  125  7:35  Drone x3  
  125  7:36  Drone x3  
  125  7:37  Overlord x2  
  129  7:38  Overseer  
  129  7:42  Drone x6  
  135  7:50  Drone x7  
  142  7:54  Zerg Missile Weapons Level 2  
  142  7:59  Corruptor x2  
  142  8:04  Corruptor  
  142  8:05  Corruptor  
  148  8:11  Corruptor x2  
  154  8:13  Corruptor  
  154  8:19  Extractor, Drone x2  
  158  8:20  Extractor, Drone  
  158  8:21  Drone x3  
  158  8:22  Overlord  
  158  8:24  Overlord  
  158  8:26  Overlord  
  160  8:29  Overseer  
  160  8:32  Corruptor x2  
  164  8:39  Corruptor  
  166  8:41  Corruptor x2  
  166  8:43  Corruptor  
  166  8:45  Corruptor  
  174  8:48  Drone  
  174  8:49  Drone  
  174  8:51  Corruptor  
  178  8:57  Drone x2  
  180  9:02  Overseer  
  180  9:03  Hatchery, Overseer  
  180  9:08  Corruptor  
  181  9:14  Corruptor x2  
  185  9:25  Overlord x4  
  185  9:27  Corruptor x2  
  189  9:35  Overlord  
  186  9:53  Corruptor x6  
  198  10:18  Spire  
  197  10:21  Infestation Pit  
  197  10:25  Overlord  
  196  10:30  Hatchery  
  196  10:31  Overlord  
  195  10:43  Hatchery  
Show
View Real Time Build Order
Export as new Build Order

IIIIIIIIIIII Protoss 

Build Orders: Carriers 

Get SALT Encoding   

  12  0:00  Probe  
  13  0:12  Probe  
  14  0:20  Pylon  
  14  0:24  Probe (Chrono Boost)  
  15  0:40  Probe (Chrono Boost)  
  16  0:45  Probe (Chrono Boost)  
  17  0:55  Probe  
  18  1:07  Probe  
  19  1:14  Nexus  
  19  1:19  Probe  
  19  1:22  Gateway  
  20  1:31  Probe  
  21  1:34  Assimilator  
  21  1:37  Assimilator  
  21  1:43  Probe  
  21  1:46  Pylon  
  22  1:55  Probe  
  23  2:07  Probe (Chrono Boost)  
  24  2:18  Probe (Chrono Boost)  
  25  2:25  Cybernetics Core, Probe (Chrono Boost)  
  25  2:26  Probe (Chrono Boost)  
  27  2:37  Probe (Chrono Boost)  
  28  2:38  Probe (Chrono Boost)  
  30  2:44  Probe x2 (Chrono Boost)  
  30  2:50  Probe  
  31  2:53  Probe  
  33  3:02  Probe (Chrono Boost)  
  33  3:03  Stargate  
  35  3:07  Probe (Chrono Boost), Adept  
  37  3:15  Probe (Chrono Boost)  
  37  3:19  Assimilator  
  39  3:20  Assimilator  
  39  3:21  Probe (Chrono Boost)  
  39  3:22  Probe (Chrono Boost)  
  39  3:25  Stargate  
  40  3:29  Probe x2  
  40  3:32  Gateway  
  42  3:43  Void Ray (Chrono Boost)  
  44  3:51  Pylon  
  46  4:02  Pylon  
  46  4:06  Void Ray (Chrono Boost)  
  46  4:07  Pylon  
  46  4:09  Probe x2  
  48  4:12  Pylon  
  48  4:15  Void Ray  
  52  4:21  Probe x2  
  58  4:39  Fleet Beacon  
  58  4:41  Protoss Air Weapons Level 1  
  58  4:47  Forge  
  58  4:49  Pylon  
  58  5:05  Nexus  
  58  5:07  Pylon  
  58  5:09  Pylon  
  58  5:18  Pylon  
  58  5:20  Carrier x2 (Chrono Boost)  
  58  5:27  Probe x2  
  72  5:34  Photon Cannon  
  72  5:39  Probe x2  
  74  5:58  Photon Cannon  
  74  6:02  Photon Cannon  
  74  6:05  Probe x2, Photon Cannon  
  74  6:07  Carrier (Chrono Boost)  
  82  6:17  Probe  
  82  6:18  Probe  
  84  6:21  Carrier (Chrono Boost)  
  84  6:24  Probe  
  91  6:30  Probe x2  
  91  6:32  Shield Battery  
  93  6:35  Shield Battery  
  93  6:36  Probe  
  94  6:40  Shield Battery  
  94  6:45  Probe x2  
  96  6:49  Probe  
  96  6:53  Assimilator  
  97  6:54  Assimilator  
  97  6:57  Protoss Air Weapons Level 2 (Chrono Boost), Probe x2  
  97  7:01  Probe  
  100  7:06  Pylon  
  100  7:07  Carrier (Chrono Boost)  
  100  7:09  Probe x2  
  100  7:13  Probe  
  109  7:20  Carrier (Chrono Boost)  
  115  7:38  Photon Cannon  
  115  7:40  Photon Cannon  
  115  7:44  Pylon  
  115  7:48  Pylon  
  115  7:49  Stargate  
  115  7:54  Twilight Council  
  115  8:04  Carrier (Chrono Boost)  
  121  8:26  Carrier (Chrono Boost), Nexus  
  127  8:33  Pylon  
  127  8:36  Pylon  
  127  8:41  Carrier (Chrono Boost)  
  127  8:46  Shield Battery  
  127  8:47  Shield Battery  
  133  8:49  Shield Battery  
  133  8:52  Shield Battery  
  133  8:54  Shield Battery, Mothership (Chrono Boost)  
  133  8:56  Shield Battery  
  133  8:58  Shield Battery  
  133  9:01  Shield Battery  
  141  9:08  Templar Archives  
  147  9:28  Probe x2  
  149  9:40  Probe  
  149  9:41  Probe  
  145  9:53  Probe  
  140  10:10  Stargate  
  140  10:12  Stargate, Void Ray (Chrono Boost)  
  138  10:31  Gateway  
  138  10:32  Gateway  
  138  10:34  Gateway  
Tags
 
Add a new tag
Caveats
  • Supply blocks, unpowered buildings, or Contaminate may cause inaccurate times.
  • Supply counts are checked every 10 seconds.